 Dungeon Crawl Stone Soup version 0.26-a0-540-g8a0c9464d7 (webtiles) character file.

Game seed: 6898439627618892031

20430 Mesmaeker13 the Summoner (level 12, -1/81 HPs)
             Began as a White Draconian Summoner on Aug 16, 2020.
             Was a Priest of Ashenzari.
             Slain by a blink frog (17 damage)
             ... on level 4 of the Lair of Beasts.
             The game lasted 00:44:49 (23174 turns).

Mesmaeker13 the Summoner (DrSu)                    Turns: 23174, Time: 00:44:51

Health: -1/81      AC:  9    Str: 17    XL:     12   Next: 45%
Magic:  13/19      EV: 15    Int: 22    God:    Ashenzari [***...]
Gold:   1475       SH:  5    Dex: 12    Spells: 8/21 levels left

rFire    + . .     SeeInvis +   t - +0 trident (venom)
rCold    + + +     Faith    .   F - +0 buckler
rNeg     + + +     Spirit   .   (armour unavailable)
rPois    +         Reflect  .   (helmet restricted)
rElec    +         Harm     .   v - scarf {rC+ rF+} (curse)
rCorr    .                      (no gloves)
MR       +....                  g - +0 pair of boots (curse)
Stlth    ++........             n - amulet of the Thistle {rElec rC+ rN+++ MR- Regen+}
HPRegen  0.63/turn              E - ring "Iguatucs" {rN+ MR++ Str+4 Int+4 SInv} (curse)
MPRegen  0.16/turn              D - ring of poison resistance

@: no status effects
A: breathe frost, unfitting armour, cold resistance 1, cold-blooded, AC +8
a: Breathe Frost, Curse Item, Scrying, Renounce Religion


You were on level 4 of the Lair of Beasts.
You worshipped Ashenzari.
Ashenzari was most pleased with you.
You visited 3 branches of the dungeon, and saw 16 of its levels.
You also visited: Sewer.

You collected 1475 gold pieces.

Inventory:

Hand Weapons
 d - a +2 dagger of venom
 t - a +0 trident of venom (weapon)
Missiles
 m - 4 curare-tipped darts (quivered)
 w - a throwing net
Armour
 g - a cursed +0 pair of boots (worn)
 v - a cursed scarf of resistance (worn)
 F - a +0 buckler (worn)
 J - a +1 cloak
Jewellery
 a - an uncursed ring of resist corrosion
 n - the amulet of the Thistle (around neck) {rElec rC+ rN+++ MR- Regen+}
   (You found it on level 3 of the Lair of Beasts)

   [amulet of regeneration]

   It protects you from cold.
   It insulates you from electricity.
   It renders you almost immune to negative energy.
   It affects your resistance to hostile enchantments.
   It increases your rate of regeneration.
 z - an uncursed amulet of regeneration
 D - a ring of poison resistance (right hand)
 E - the cursed ring "Iguatucs" (left hand) {rN+ MR++ Str+4 Int+4 SInv}
   (You found it on level 5 of the Dungeon)

   [ring of see invisible]

   It affects your strength (+4).
   It affects your intelligence (+4).
   It protects you from negative energy.
   It affects your resistance to hostile enchantments.
   It lets you see invisible.
   It has a curse placed upon it.
 K - an uncursed amulet of reflection
 P - a +4 ring of protection
Wands
 c - a wand of disintegration (5)
 H - a wand of acid (5)
 O - a wand of iceblast (9)
Scrolls
 b - 4 scrolls of amnesia
 e - 3 scrolls of remove curse
 f - 6 scrolls of magic mapping
 i - 3 scrolls of teleportation
 l - a scroll of enchant weapon
 o - 3 scrolls of random uselessness {unknown}
 s - a scroll of blinking {unknown}
 x - 3 scrolls of fog {unknown}
 y - 3 scrolls of immolation
 B - a scroll of enchant armour {unknown}
 I - 2 scrolls of torment
 L - 3 scrolls of noise
 N - 2 scrolls of fear
 R - a scroll of summoning {unknown}
Potions
 h - 2 potions of stabbing
 j - a potion of ambrosia {unknown}
 k - a potion of haste
 p - 2 potions of berserk rage
 q - a potion of heal wounds
 r - 6 potions of flight
 u - 3 potions of lignification
 A - 3 potions of curing
 C - 3 potions of might
 M - 2 potions of brilliance {unknown}
 Q - 2 potions of cancellation {unknown}
Miscellaneous
 G - a box of beasts (3/3)


   Skills:
 + Level 10.1 Polearms
 + Level 5.8 Dodging
 - Level 1.7 Stealth
 - Level 4.0 Shields
 - Level 5.1 Spellcasting
 + Level 12.1 Summonings
 - Level 9.0 Ice Magic
 + Level 7.8 Air Magic


You had 8 spell levels left.
You knew the following spells:

 Your Spells              Type           Power        Failure   Level
a - Summon Lightning Spi  Summ/Air       #####...     1%          4
b - Call Imp              Summ           ######..     1%          2
c - Call Canine Familiar  Summ           ######..     1%          3
d - Summon Ice Beast      Ice/Summ       ######..     1%          4

Your spell library contained the following spells:

 Spells                   Type           Power        Failure   Level
 Summon Small Mammal      Summ           ####         1%          1
 Summon Guardian Golem    Hex/Summ       ####....     2%          3
 Animate Skeleton         Necr           #.....       10%         1
 Apportation              Tloc           #.....       10%         1
 Beastly Appendage        Tmut           #.....       10%         1
 Corona                   Hex            #......      10%         1
 Magic Dart               Conj           #...         10%         1
 Searing Ray              Conj           #.....       16%         2
 Wereblood                Tmut           #.......     16%         2
 Ice Form                 Ice/Tmut       ####....     16%         4
 Dazzling Flash           Conj/Hex       #.....       30%         3
 Spider Form              Tmut/Pois      #.........   30%         3
 Animate Dead             Necr           #.........   69%         4
 Fulminant Prism          Conj/Hex       #.........   69%         4
 Iskenderun's Mystic Bla  Conj/Tloc      #.......     69%         4
 Simulacrum               Ice/Necr       ####......   94%         6
 Blade Hands              Tmut           #.........   95%         5
 Borgnjor's Vile Clutch   Necr/Erth      #.........   95%         5
 Death Channel            Necr           #.........   100%        6


Dungeon Overview and Level Annotations

Branches:
Dungeon (11/15)            Temple (1/1) D:6            Lair (4/6) D:11
 Shoals (0/4) Lair:2       Spider (0/4) Lair:4          Orc (0/2) D:11
  Sewer (visited)

Altars:
Ashenzari
Cheibriados
Dithmenos
Elyvilon
Fedhas
Gozag
Hepliaklqana
Kikubaaqudgha
Makhleb
Nemelex Xobeh
Okawaru
Qazlal
Ru
Sif Muna
Trog
Uskayaw
Vehumet
Wu Jian
Xom
Yredelemnul
Zin
The Shining One

Portals:
Trove: D:10 (give +3 gold dragon scales)

Annotations:
D:7 1 runed translucent door


Innate Abilities, Weirdness & Mutations

You can breathe waves of freezing cold.
You can buffet flying creatures when you breathe cold.
Your icy white scales are hard. (AC +8)
You cannot fit into any form of body armour.
Your flesh is cold resistant. (rC+)
You are cold-blooded and may be slowed by cold attacks.


Message History

The blink frog hits you!
The blink frog hits your lightning spire.
The blink frog blinks!
You hit the blink frog.
The blink frog is moderately wounded.
The blink frog hits you. The blink frog hits you!
Unknown command.
You are too injured to fight recklessly!
You miss the blink frog.
The blink frog is moderately wounded.
The blink frog hits you. The blink frog hits you!
* * * LOW HITPOINT WARNING * * *
Unknown command.
Casting: Summon Lightning Spire (dangerous; 1% risk of failure)
Confirm with . or Enter, or press ? or * to list all spells.
An electric hum fills the air.
Your lightning spire disappears in a puff of smoke!
The blink frog misses you. The blink frog barely misses you.
The blink frog hits you!
You die...

.<#..# ..,,....# ,
... #...###
,...##....P##
...........#
...........##
.........8.P# ,,
.......F....### ,
......F@ยง.....#
,*.............####
, ................#
...............# ,
..!......##..P### ,
................##
, ,
................>#
.................#
................##


You could see 2 blink frogs and a friendly lightning spire (summoned).

Vanquished Creatures
  An ogre mage (D:11)
  3 two-headed ogres
  Urug (Lair:2)
  Nergalle (D:10)
  A merfolk siren (Lair:2)
  An elephant (D:11)
  2 cane toads (Lair:1)
  2 komodo dragons (Lair:3)
  A troll (D:9)
  A slime creature (Lair:2)
  6 blink frogs
  Sigmund (D:2)
  5 yaks
  A wyvern (D:11)
  A wraith (D:10)
  Grum (Lair:1)
  A basilisk (Lair:3)
  A soldier ant (D:7)
  Duvessa (D:6)
  4 water moccasins
  2 porcupines
  4 ogres
  2 orc warriors
  3 sky beasts
  An eye of draining (D:9)
  2 phantoms
  An ice beast (D:10)
  12 wolves
  A centaur (D:11)
  Blork the orc (D:4)
  4 crocodiles
  A big kobold (D:10)
  11 bullfrogs
  Dowan (D:6)
  3 scorpions
  2 wyvern skeletons
  5 killer bees
  A wight (D:9)
  A crimson imp (D:10)
  2 centaur zombies
  2 orc priests (D:6)
  6 hounds
  2 jellies (Lair:2)
  6 orc wizards
  4 iguanas
  2 bullfrog skeletons
  Ijyb (D:3)
  11 worker ants
  A statue (D:6)
  A hound skeleton (D:7)
  2 worker ant zombies
  A howler monkey skeleton (D:8)
  10 adders
  A shadow imp (D:8)
  2 white imps
  An ufetubus (D:6)
  8 oozes
  2 adder zombies
  2 adder skeletons (D:4)
  A worm (D:3)
  4 dart slugs
  7 leopard geckos
  24 orcs
  9 bats
  8 giant cockroaches
  9 hobgoblins
  15 jackals
  4 quokkas
  2 ball pythons (Sewer)
  5 frilled lizards
  10 goblins
  13 kobolds
  7 rats
279 creatures vanquished.

Vanquished Creatures (collateral kills)
  Harold (D:7)
  2 hydras
  2 two-headed ogres
  A death yak (D:11)
  An ugly thing (D:11)
  2 cane toads
  3 komodo dragons
  2 trolls (D:11)
  7 blink frogs
  2 hippogriffs
  2 wyverns
  7 yaks
  A basilisk (Lair:4)
  Menkaure (D:4)
  A warg (Lair:1)
  5 water moccasins
  A porcupine (Lair:1)
  3 orc warriors
  A sky beast (D:9)
  2 ice beasts
  17 wolves
  5 ogres
  A phantom (D:10)
  3 centaurs
  4 crocodiles
  3 bullfrogs
  A scorpion (D:8)
  6 killer bees
  2 wights (D:9)
  A centaur zombie (D:7)
  A quasit (D:8)
  2 jellies (Lair:2)
  2 orc wizards
  4 hounds
  An orc priest (D:8)
  Crazy Yiuf (D:6)
  A bullfrog skeleton (D:11)
  A centaur skeleton (D:5)
  7 worker ants
  Robin (D:4)
  A worker ant zombie (D:11)
  6 adders
  2 shadow imps
  A white imp (D:6)
  An ufetubus (D:9)
  11 oozes (Lair:2)
  2 dart slugs
  2 leopard geckos
  18 orcs
  3 bats
  2 giant cockroaches
  3 goblins
  6 hobgoblins
  8 jackals
  2 quokkas
  A ball python (Sewer)
  A frilled lizard (D:5)
  4 rats
185 creatures vanquished.

Vanquished Creatures (others)
  10 fungi
  A plant (Lair:2)
11 creatures vanquished.

Grand Total: 475 creatures vanquished

Notes
Turn   | Place    | Note
-------+----------+-------------------------------------------
     0 | D:1      | Mesmaeker13 the Draconian Summoner began the quest for the
                  | Orb.
     0 | D:1      | Reached XP level 1. HP: 14/14 MP: 3/3
   342 | D:1      | Reached XP level 2. HP: 18/20 MP: 1/5
  2289 | D:1      | Reached XP level 3. HP: 26/26 MP: 4/6
  2543 | D:1      | Learned a level 2 spell: Call Imp
  2885 | D:2      | Found an iron altar of Okawaru.
  3334 | D:2      | Found a bloodstained altar of Trog.
  3564 | D:2      | Noticed Sigmund
  3623 | D:3      | Noticed Ijyb
  3704 | D:3      | Reached XP level 4. HP: 33/33 MP: 8/8
  4060 | D:3      | Found a glowing drain.
  4080 | D:3      | Reached XP level 5. HP: 26/38 MP: 7/9
  4088 | Sewer    | Entered a sewer
  4967 | D:3      | Found a shadowy altar of Dithmenos.
  5098 | D:3      | Killed Ijyb
  5098 | D:3      | Reached skill level 5 in Summonings
  5327 | D:2      | Found a basalt altar of Yredelemnul.
  5500 | D:2      | Killed Sigmund
  5500 | D:2      | Reached XP level 6. HP: 33/45 MP: 7/11
  5508 | D:2      | Learned a level 3 spell: Call Canine Familiar
  6282 | D:4      | Found a hazy altar of Hepliaklqana.
  6438 | D:4      | Noticed Menkaure
  6440 | D:4      | Noticed Blork the orc
  6857 | D:4      | Your scales start taking on an icy white colour.
  6857 | D:4      | Reached XP level 7. HP: 30/50 MP: 9/13
  6857 | D:4      | Gained mutation: Your flesh is cold resistant. (rC+) [White
                  | Draconian growth]
  7048 | D:4      | Learned a level 4 spell: Summon Ice Beast
  7051 | D:5      | Entered Level 5 of the Dungeon
  7140 | D:5      | Reached skill level 6 in Summonings
  7309 | D:5      | Got a crude gossamer ring
  7325 | D:5      | Identified the ring "Iguatucs" {rN+ MR++ Str+4 Int+4 SInv}
                  | (You found it on level 5 of the Dungeon)
  7357 | D:5      | Reached skill level 1 in Ice Magic
  7476 | D:5      | Reached skill level 1 in Shields
  7500 | D:5      | Found an opulent altar of Gozag.
  7552 | D:5      | Reached skill level 5 in Spellcasting
  8201 | D:6      | Reached XP level 8. HP: 56/57 MP: 12/15
  8295 | D:6      | Found a glowing golden altar of the Shining One.
  8496 | D:6      | Noticed Dowan
  8498 | D:6      | Noticed Duvessa
  8520 | D:6      | Killed Duvessa
  8534 | D:6      | Killed Dowan
  8723 | D:6      | Found a runed translucent door.
  8724 | D:6      | Noticed Crazy Yiuf
  8827 | D:6      | Found a radiant altar of Vehumet.
  8970 | D:6      | Reached skill level 7 in Summonings
  8986 | D:6      | Found a staircase to the Ecumenical Temple.
  8995 | Temple   | Entered the Ecumenical Temple
  9274 | Temple   | Became a worshipper of Ashenzari the Shackled
  9433 | D:6      | Killed Crazy Yiuf
  9632 | D:4      | Killed Blork the orc
  9682 | D:4      | Noticed Robin
  9691 | D:4      | Killed Robin
  9774 | D:4      | Killed Menkaure
  9774 | D:4      | Reached skill level 1 in Polearms
 10417 | D:7      | Found a runed translucent door.
 10431 | D:7      | Found a runed translucent door.
 10612 | D:7      | Noticed Harold
 10643 | D:7      | Killed Harold
 10643 | D:7      | Reached skill level 5 in Ice Magic
 10643 | D:7      | Reached XP level 9. HP: 39/62 MP: 11/16
 10804 | D:7      | Found an ornate altar of the Wu Jian Council.
 10972 | D:7      | Found a white marble altar of Elyvilon.
 11135 | D:8      | Reached skill level 8 in Summonings
 11636 | D:8      | Found a sacrificial altar of Ru.
 11795 | D:8      | Reached * piety under Ashenzari
 12839 | D:9      | Reached skill level 5 in Polearms
 13202 | D:9      | Reached skill level 9 in Summonings
 13344 | D:9      | Noticed a two-headed ogre
 13359 | D:9      | Killed a two-headed ogre
 13359 | D:9      | Reached XP level 10. HP: 69/69 MP: 5/17
 14589 | D:10     | Entered Level 10 of the Dungeon
 14749 | D:10     | Learned a level 4 spell: Summon Lightning Spire
 14998 | D:10     | Reached skill level 1 in Air Magic
 15295 | D:10     | Noticed a two-headed ogre
 15303 | D:10     | Killed a two-headed ogre
 15393 | D:10     | Reached skill level 10 in Summonings
 15456 | D:10     | Reached ** piety under Ashenzari
 15577 | D:10     | Found a portal to a secret trove of treasure.
 15586 | D:10     | Noticed a two-headed ogre
 15600 | D:10     | Killed a two-headed ogre
 15720 | D:10     | Noticed Nergalle
 15739 | D:10     | Killed Nergalle
 15940 | D:10     | Noticed a two-headed ogre
 15965 | D:10     | Killed a two-headed ogre
 15965 | D:10     | Reached XP level 11. HP: 58/74 MP: 14/18
 16219 | D:11     | Noticed a death yak
 16235 | D:11     | Killed a death yak
 16349 | D:11     | Found a staircase to the Lair.
 16403 | D:11     | Noticed a two-headed ogre
 16410 | D:11     | Killed a two-headed ogre
 16629 | D:11     | Found a staircase to the Orcish Mines.
 16729 | D:11     | Noticed an ogre mage
 16739 | D:11     | Killed an ogre mage
 16739 | D:11     | Reached skill level 5 in Air Magic
 16914 | D:11     | Noticed a cyan ugly thing
 16975 | D:11     | Killed a cyan ugly thing
 17641 | D:11     | Got the cursed scimitar of Qyphik {protect, *Slow rPois
                  | Str+2}
 17667 | Lair:1   | Entered Level 1 of the Lair of Beasts
 17699 | Lair:1   | Noticed Grum
 17713 | Lair:1   | Killed Grum
 17713 | Lair:1   | Reached skill level 11 in Summonings
 19951 | Lair:2   | Noticed Urug
 20159 | Lair:3   | Noticed a five-headed hydra
 20167 | Lair:3   | Killed a five-headed hydra
 20497 | Lair:3   | Identified the amulet of the Thistle {rElec rC+ rN+++ MR-
                  | Regen+}
 20532 | Lair:3   | Reached XP level 12. HP: 30/81 MP: 8/19
 21250 | Lair:3   | Reached *** piety under Ashenzari
 21680 | Lair:2   | Reached skill level 5 in Dodging
 22298 | Lair:2   | Killed Urug
 22384 | Lair:2   | Found a staircase to the Shoals.
 22819 | Lair:4   | Reached skill level 12 in Summonings
 22832 | Lair:4   | Reached skill level 10 in Polearms
 22954 | Lair:4   | Found a hole to the Spider Nest.
 22956 | Lair:4   | Noticed a seven-headed hydra
 22965 | Lair:4   | Killed a seven-headed hydra
 23174 | Lair:4   | Slain by a blink frog

Illustrated notes

Levels and vault maps discovered:
D:1:      minmay_arrival_cross, layout_basic
D:2:      minmay_door_path, layout_loops_corners, lemuel_coloured_pillars_altar,
          okawaru_metal_pillars_1_2, trog_book, uniq_sigmund
D:3:      layout_loops_cross, nicolae_overflow_crystal_walls,
          portal_sewer_entry_a, bh_walls_and_bars, uniq_ijyb
D:4:      layout_loops_cross, lemuel_doored_altar, chequers_mini_garden,
          minmay_bisected, uniq_robin, uniq_menkaure, uniq_blork_the_orc
D:5:      layout_cave_pools, nicolae_gozag_seed_capital
D:6:      layout_basic, vehumet_statue, tso_oasis_becter,
          minmay_temple_entry_tees, uniq_crazy_yiuf_cottage, uniq_duvessa
D:7:      lemuel_insect_pit, layout_cave_pools, lemuel_crystal_altar,
          elyvilon_altar_4, uniq_harold
D:8:      layout_gridville, marbit_many_paths, st_stairs_4
D:9:      minmay_polygon_palace, layout_basic
D:10:     layout_long_grid, nicolae_trove_entry_crossroad, minivault_24,
          minmay_fire_ice_demons, uniq_nergalle
D:11:     minmay_tri_box, layout_gridville, david_lair_generic, orc_0_dummy
Temple:   dshaligram_water_room_temple
Lair:1:   beast_lair_carwin_large_4, layout_chaotic_city, st_stairs_8,
          serial_bayou_shore_b, uniq_grum
Lair:2:   lemuel_slime, layout_loops_ring, minmay_shoals_entry_lonely_mermaid,
          minivault_27, uniq_urug
Lair:3:   layout_roguey, grunt_megastairs_5, lemuel_fruit_tree,
          infiniplex_staircase_pool_2, lemuel_fruit_fields
Lair:4:   layout_cave_shapes, dummy_spider_entry, minivault_25,
          serial_bayou_shore_b

Skill      XL: |  1  2  3  4  5  6  7  8  9 10 11 12 |
---------------+-------------------------------------+-----
Dodging        | 2 3 4 5 |  5.8
Spellcasting   | 3 4 5 |  5.1
Summonings     | 5 6 7 9 10 11 12 | 12.1
Ice Magic      | 2 5 8 9 |  9.0
Shields        | 2 4 |  4.0
Polearms       | 3 5 7 9 10 | 10.1
Air Magic      | 3 6 7 |  7.8
Stealth        | |  1.7

Action                   |  1- 3 |  4- 6 |  7- 9 | 10-12 || total
-------------------------+-------+-------+-------+-------++-------
Melee: Unarmed           |    47 |       |       |       ||    47
       Tailslap          |     9 |    13 |    45 |    66 ||   133
       Dagger            |    80 |   179 |   167 |       ||   426
       Trident           |       |       |   236 |   635 ||   871
 Cast: Summon Small Mamm |    38 |    17 |       |       ||    55
       Call Imp          |       |    30 |    64 |    15 ||   109
       Summon Ice Beast  |       |       |    21 |   118 ||   139
       Summon Lightning  |       |       |       |    31 ||    31
Invok: Curse Item        |       |       |     2 |     1 ||     3
 Abil: Breathe Frost     |       |       |     7 |     6 ||    13
Evoke: Wand              |       |     2 |    10 |     8 ||    20
       Box of beasts     |       |       |       |     1 ||     1
  Use: Potion            |     1 |     1 |     5 |     5 ||    12
       Scroll            |     1 |     3 |    10 |     5 ||    19
 Stab: Sleeping          |     3 |     6 |     2 |     4 ||    15
       Distracted        |     1 |     1 |     7 |    11 ||    20
       Paralysed         |       |       |    11 |     2 ||    13
       Invisible         |       |       |     3 |       ||     3
Armor: Skin              |    65 |    36 |    66 |    92 ||   259
Dodge: Dodged            |   114 |   208 |   312 |   313 ||   947
Block: Buckler           |       |       |    45 |   180 ||   225

Table legend: (Time is in decaauts)
 A = Elapsed time spent in this place.
 B = Non-inter-level travel time spent in this place.
 C = Inter-level travel time spent in this place.
 D = Time resting spent in this place.
 E = Time spent auto-exploring this place.
 F = Levels seen in this place.
 G = Mean time per level.
                   A        B        C        D        E       F      G
               +--------+--------+--------+--------+--------+-----+--------+
         Total |  23230 |  22418 |    812 |   6302 |  11709 |  17 | 1366.5 |
       Dungeon |  16742 |  16056 |    686 |   4211 |   8320 |  11 | 1522.0 |
        Temple |    311 |    292 |     19 |      0 |    283 |   1 |  311.0 |
          Lair |   5461 |   5354 |    107 |   1788 |   2804 |   4 | 1365.2 |
         Sewer |    715 |    715 |      0 |    303 |    301 |   1 |  715.0 |
               +--------+--------+--------+--------+--------+-----+--------+

Top non-repeatable levels by time:
     D:1: 2544 daAuts
  Lair:1: 2126 daAuts
     D:9: 1956 daAuts
  Lair:3: 1694 daAuts
    D:11: 1583 daAuts
     D:3: 1521 daAuts
     D:8: 1488 daAuts
     D:2: 1471 daAuts
    D:10: 1469 daAuts
     D:4: 1456 daAuts
     D:6: 1397 daAuts
  Lair:2: 1282 daAuts
     D:7: 944 daAuts
     D:5: 909 daAuts
   Sewer: 715 daAuts
